 Dungeon Crawl Stone Soup version 0.26-a0-752-gcff87cac9a (webtiles) character file.

Game seed: 16830098787383360494

120 Peloso the Shield-Bearer (level 4, -4/41 HPs)
             Began as a Minotaur Fighter on Nov 6, 2020.
             Killed by divine providence
             ... invoked by an orc priest
              (17 damage)
             ... on level 3 of the Dungeon.
             The game lasted 00:03:42 (2462 turns).

Peloso the Shield-Bearer (Minotaur Fighter)         Turns: 2462, Time: 00:03:43

Health: -4/41      AC:  7    Str: 20    XL:     4   Next: 75%
Magic:  3/3        EV:  8    Int:  5    God:
Gold:   172        SH:  9    Dex: 11    Spells: 3/3 levels left

rFire    + . .     SeeInvis .   a - +0 long sword
rCold    + . .     Faith    .   c - +0 kite shield
rNeg     . . .     Spirit   .   b - +0 scale mail
rPois    +         Reflect  .   (helmet restricted)
rElec    +         Harm     .   (no cloak)
rCorr    +         Rampage  .   (no gloves)
MR       .....                  (no boots)
Stlth    ..........             (no amulet)
HPRegen  0.13/turn              (no ring)
MPRegen  0.08/turn              (no ring)

@: lethally poisoned (-4 -> -7), resistant, hasted (expiring), very quick
A: retaliatory headbutt, horns 2
a: no special abilities


You were on level 3 of the Dungeon.
You visited 1 branch of the dungeon, and saw 3 of its levels.

You collected 172 gold pieces.

Inventory:

Hand Weapons
 a - a +0 long sword (weapon)
Armour
 b - a +0 scale mail (worn)
 c - a +0 kite shield (worn)
Jewellery
 l - a cursed ring of teleportation {unknown}
Wands
 f - a wand of disintegration (4)
Scrolls
 e - a scroll of enchant weapon {unknown}
 h - 3 scrolls of remove curse {unknown}
 i - a scroll of enchant armour {unknown}
 j - a scroll of immolation {unknown}
 k - 4 scrolls of teleportation {unknown}
 n - 4 scrolls of magic mapping {unknown}
 p - 2 scrolls of identify {unknown}
 q - a scroll of noise {unknown}
Potions
 d - a potion of might
 g - a potion of heal wounds


   Skills:
 + Level 4.3 Fighting
 + Level 3.6 Long Blades
 + Level 4.3 Armour
 + Level 1.3 Dodging
 + Level 0.6 Stealth
 + Level 4.4 Shields


You had 3 spell levels left.
You didn't know any spells.
Your spell library was empty.

Dungeon Overview and Level Annotations

Branches:
Dungeon (3/15)

Altars:
Elyvilon
Makhleb
Qazlal
Ru
Uskayaw
Yredelemnul
The Shining One


Innate Abilities, Weirdness & Mutations

You reflexively headbutt those who attack you in melee.
You have a pair of horns on your head.


Message History

You feel sick. The goblin completely misses you.
The orc priest begins to cast a cantrip, but forgets the words!
You block the goblin's attack.
You hit the goblin. You headbutt the goblin.
You kill the goblin!
You feel yourself speed up. You block the orc's attack.
You barely miss the orc. Your headbutt misses the orc.
You feel sick.
A goblin comes into view. It is wielding a +0 club.
The orc hits you but does no damage.
The goblin shouts!
You hit the orc.
The orc is almost dead.
You block the orc's attack.
You closely miss the orc.
The orc is almost dead.
Your extra speed is starting to run out.
The orc priest invokes the aid of Beogh against you.
Beogh smites you!
You die... #.#..# ... #..... .g #.##.. .. ####.. #. ### #.## ### # Ko#

#.### #
#o#
#...####
#@#
###...##
#(##
###...
#(.#
##..
##.#
##..#
#(#
#..##
#(#
####.##
#.#
#....#
##. #.#
#.#### #
#.. #.##
###.# #


You could see an orc priest, an orc, a goblin and a kobold.

Vanquished Creatures
  3 adders
  3 worms
  3 dart slugs
  A leopard gecko (D:1)
  8 orcs (D:3)
  7 bats
  3 giant cockroaches
  8 goblins
  4 hobgoblins
  11 jackals
  4 kobolds
  A ball python (D:1)
  4 frilled lizards
  4 rats
64 creatures vanquished.

Notes
Turn   | Place    | Note
-------+----------+-------------------------------------------
     0 | D:1      | Peloso the Minotaur Fighter began the quest for the Orb.
     0 | D:1      | Reached XP level 1. HP: 19/19 MP: 0/0
   294 | D:1      | Reached XP level 2. HP: 27/27 MP: 1/1
   549 | D:1      | Reached XP level 3. HP: 30/33 MP: 2/2
   915 | D:1      | Found a glowing golden altar of the Shining One.
  1482 | D:2      | Reached XP level 4. HP: 40/40 MP: 3/3
  1825 | D:2      | Found a basalt altar of Yredelemnul.
  2015 | D:3      | Found a white marble altar of Elyvilon.
  2069 | D:3      | Found a stormy altar of Qazlal.
  2220 | D:3      | Reached skill level 1 in Dodging
  2263 | D:3      | Found a sacrificial altar of Ru.
  2263 | D:3      | Found a burning altar of Makhleb.
  2264 | D:3      | Found a hide-covered altar of Uskayaw.
  2272 | D:3      | Found a stormy altar of Qazlal.
  2462 | D:3      | Killed from afar by an orc priest

Illustrated notes

Levels and vault maps discovered:
D:1:      lemuel_arrival_tunnels, layout_basic, tso_altar
D:2:      layout_loops_corners, lemuel_round_altar
D:3:      layout_rooms, grunt_temple_overflow_opulence,
          grunt_temple_overflow_open, grunt_qazlal_sundering

Skill      XL: |  1  2  3  4 |
---------------+-------------+-----
Shields        | 4 |  4.4
Fighting       | 4 |  4.3
Armour         | 4 |  4.3
Long Blades    | 3 |  3.6
Dodging        | 1 |  1.3
Stealth        | |  0.6

Action                   |  1- 3 |  4- 6 || total
-------------------------+-------+-------++-------
Melee: Long sword        |    70 |    47 ||   117
       Headbutt          |    15 |    11 ||    26
  Use: Potion            |     1 |     5 ||     6
Armor: Scale mail        |    37 |    14 ||    51
Dodge: Dodged            |    37 |    10 ||    47
Block: Kite shield       |    53 |    27 ||    80
       Rpst.: Long sword |    10 |     1 ||    11

Table legend: (Time is in decaauts)
 A = Elapsed time spent in this place.
 B = Non-inter-level travel time spent in this place.
 C = Inter-level travel time spent in this place.
 D = Time resting spent in this place.
 E = Time spent auto-exploring this place.
 F = Levels seen in this place.
 G = Mean time per level.
                   A        B        C        D        E       F      G
               +--------+--------+--------+--------+--------+-----+--------+
         Total |   2500 |   2388 |    112 |      0 |   1948 |   3 |  833.3 |
       Dungeon |   2500 |   2388 |    112 |      0 |   1948 |   3 |  833.3 |
               +--------+--------+--------+--------+--------+-----+--------+

Top non-repeatable levels by time:
     D:1: 1039 daAuts
     D:2: 1001 daAuts
     D:3: 459 daAuts
